 Dungeon Crawl Stone Soup version 0.31-a0-1161-g593ecc88b7 (webtiles) character file.

Game seed: 5685363352797660040

849 Bulla the Trooper (level 7, 0/84 HPs)
             Began as a Demonspawn Berserker on Dec 8, 2023.
             Was a Believer of Trog.
             Slain by a yak (3 damage)
             ... on level 4 of the Dungeon.
             The game lasted 00:19:40 (3251 turns).

Bulla the Trooper (Demonspawn Berserker)            Turns: 3251, Time: 00:19:41

Health: 0/84       AC: 23    Str: 20    XL:     7   Next: 69%
Magic:  7/7        EV:  2    Int:  7    God:    Trog [**....]
Gold:   130        SH:  0    Dex: 12    Spells: 6/6 levels left

rFire   . . .        d - +0 rapier
rCold   . . .        (no shield)
rNeg    . . .        x - melded +0 plate armour
rPois   +            (helmet currently unavailable)
rElec   .            g - melded +0 cloak
rCorr   .            (gloves currently unavailable)
SInv    .            (boots currently unavailable)
Will    .....        o - amulet of faith
Stlth   +            (no ring)
HPRegen 0.34/turn    (no ring)
MPRegen 0.10/turn

%: faith
@: tree-form
A: stationary, stasis, torment immunity, boosted hp, (hooves 1), repulsion field
1, powered by pain 1
a: Renounce Religion, Berserk, Trog's Hand


You were on level 4 of the Dungeon.
You worshipped Trog.
Trog was pleased with you.
You were a tree.
You visited 1 branch of the dungeon, and saw 4 of its levels.

You collected 130 gold pieces.

Inventory:

Hand Weapons
 a - a +0 falchion
 d - a +0 rapier (weapon)
 v - a +0 club of chaos
Missiles
 y - 4 poisoned darts
Armour
 b - a +0 animal skin
 g - a +0 cloak (melded)
 j - a +0 ring mail
 x - a +0 plate armour (melded)
Jewellery
 o - an amulet of faith (around neck)
 u - an amulet of guardian spirit
Scrolls
 f - 4 scrolls of identify {unknown}
 h - 4 scrolls of vulnerability {unknown}
 n - a scroll of butterflies {unknown}
 p - a scroll of enchant armour {unknown}
 r - a scroll of fog {unknown}
 s - a scroll of poison {unknown}
 t - a scroll of teleportation {unknown}
 w - a scroll of fear {unknown}
Potions
 c - a potion of curing {unknown}
 e - a potion of haste {unknown}
 i - 2 potions of heal wounds {unknown}
 k - a potion of lignification
 l - a potion of enlightenment {unknown}
 m - a potion of degeneration {unknown}
 q - a potion of invisibility {unknown}


   Skills:
 + Level 5.2 Fighting
 + Level 4.8 Long Blades
 + Level 4.2 Armour
 + Level 4.2 Dodging


You had 6 spell levels left.
You didn't know any spells.
Your spell library was empty.

Dungeon Overview and Level Annotations

Branches:
Dungeon (4/15)
 Temple: D:4-7

Altars:
Dithmenos
Gozag
Makhleb
Okawaru
Trog
Uskayaw
Wu Jian
Xom


Innate Abilities, Weirdness & Mutations

You are a tree.
Your roots penetrate the ground, keeping you stationary.
You cannot be teleported.
You are immune to unholy pain and torment.
Your maximum health is greatly increased.
Your equipment is partially melded.
((You have large cloven feet.))
You are surrounded by a mild repulsion field. (EV +2)
You sometimes gain a little power by taking damage.


Message History

You barely miss the yak.
The yak is lightly wounded.
The yak gores you.
* * * LOW HITPOINT WARNING * * *
You closely miss the yak.
The yak is lightly wounded.
The yak gores you but does no damage.
You hit the yak.
The yak is moderately wounded.
The yak gores you but does no damage.
You hit the yak.
The yak is moderately wounded.
The yak gores you.
* * * LOW HITPOINT WARNING * * *
You hit the yak.
The yak is heavily wounded.
The yak gores you!
* * * LOW HITPOINT WARNING * * *
You hit the yak.
The yak is heavily wounded.
The yak gores you.
* * * LOW HITPOINT WARNING * * *
You closely miss the yak.
The yak is heavily wounded.
The yak gores you but does no damage. x2
You closely miss the yak.
The yak is heavily wounded.
The yak gores you but does no damage.
You hit the yak.
The yak is heavily wounded.
The yak gores you.
* * * LOW HITPOINT WARNING * * *
You hit the yak but do no damage.
The yak is heavily wounded.
The yak gores you.
* * * LOW HITPOINT WARNING * * *
You barely miss the yak.
The yak is heavily wounded.
The yak gores you.
You die...

..........................
.#####..#.#.##.##########. .#
####..................# #.#
#.......#.##..).....#.# ##.##
#.###.#.#.#...#.....#.# ....#
#.###.#.............#.# ....#
#.....#...#.#.#..####.#
....######.....##..>...#.......#
....+.........5Y♣........#######
....##..##.######...######<
....##..5...# #..........
....##.#....# #...#######
.§≈Y.#†#.##.# #...#
.§≈P.†.#....# #.#.#
§§...###.#### #.#.######
####.#...### ..#......# #
#.#.#†..# #########.######


You could see a yak and a shadow imp.

Vanquished Creatures
  4 yaks (D:4)
  A black bear (D:4)
  A hound (D:4)
  2 gnolls (D:3)
  8 adders
  2 shadow imps (D:4)
  An ufetubus (D:4)
  A worm (D:3)
  An orc (D:3)
  8 ball pythons
  5 bats
  2 endoplasms
  A giant cockroach (D:2)
  9 goblins
  6 hobgoblins
  2 quokkas
  5 kobolds
  A rat (D:2)
60 creatures vanquished.

Notes
Turn   | Place    | Note
-------+----------+-------------------------------------------
     0 | D:1      | Bulla the Demonspawn Berserker began the quest for the Orb.
     0 | D:1      | Reached XP level 1. HP: 18/18 MP: 1/1
   408 | D:1      | Gained mutation: You have large cloven feet. [demonic
                  | ancestry]
   408 | D:1      | Reached XP level 2. HP: 11/24 MP: 2/2
  1297 | D:2      | Reached XP level 3. HP: 29/29 MP: 3/3
  1953 | D:3      | Reached ** piety under Trog
  2063 | D:3      | Found an opulent altar of Gozag.
  2095 | D:3      | Reached XP level 4. HP: 18/35 MP: 4/4
  2246 | D:3      | Found a bloodstained altar of Trog.
  2275 | D:3      | Found a faded altar of an unknown god.
  2467 | D:3      | Found a shadowy altar of Dithmenos.
  2480 | D:3      | Found an ornate altar of the Wu Jian Council.
  2520 | D:3      | Found a hide-covered altar of Uskayaw.
  2524 | D:3      | Found an iron altar of Okawaru.
  2527 | D:3      | Found a burning altar of Makhleb.
  2673 | D:3      | Found a shimmering altar of Xom.
  3053 | D:4      | Noticed a black bear
  3064 | D:4      | Killed a black bear
  3065 | D:4      | Reached skill level 4 in Fighting
  3065 | D:4      | Gained mutation: You are surrounded by a mild repulsion
                  | field. (EV +2) [demonic ancestry]
  3065 | D:4      | Reached XP level 5. HP: 42/42 MP: 5/5
  3163 | D:4      | Gained mutation: You sometimes gain a little power by
                  | taking damage. [demonic ancestry]
  3163 | D:4      | Reached XP level 6. HP: 48/48 MP: 6/6
  3168 | D:4      | Noticed a yak
  3168 | D:4      | Noticed a yak
  3172 | D:4      | Noticed a yak
  3188 | D:4      | Killed a yak
  3192 | D:4      | Killed a yak
  3193 | D:4      | Reached XP level 7. HP: 32/55 MP: 7/7
  3196 | D:4      | Killed a yak
  3197 | D:4      | Reached skill level 5 in Fighting
  3199 | D:4      | Noticed a yak
  3204 | D:4      | Killed a yak
  3206 | D:4      | Noticed a yak
  3250 | D:4      | HP: 2/84 [yak (3)]
  3251 | D:4      | Slain by a yak

Illustrated notes

Levels and vault maps discovered:
D:1:      mrwooster_arrival_statue, layout_basic
D:2:      layout_basic
D:3:      layout_basic, nicolae_gozag_seed_capital, tgw_xom,
          mainiacjoe_overflow_paths, nicolae_dithmenos_the_darkroom,
          minmay_overflow_temple_star_quad, mainiacjoe_overflow_small_starburst,
          hellmonk_ecumenical_altar_pennies_from_heaven
D:4:      layout_basic, serial_demonic, serial_demonic_g, serial_demonic_g,
          serial_demonic_a, serial_demonic_a, gammafunk_ghost_stat_death,
          abandoned_shop

Skill      XL: |  1  2  3  4  5  6  7 |
---------------+----------------------+-----
Armour         | 2 3 4 |  4.2
Dodging        | 2 3 4 |  4.2
Long Blades    | 3 4 |  4.8
Fighting       | 4 5 |  5.2

Action                     |  1- 3 |  4- 6 |  7- 9 || total
---------------------------+-------+-------+-------++-------
  Melee: Rapier            |    96 |    99 |    42 ||   237
         Falchion          |     6 |       |       ||     6
         Kick              |    15 |    24 |     5 ||    44
         Punch             |       |     1 |       ||     1
 Invoke: Berserk           |       |     4 |       ||     4
         Trog's Hand       |       |     2 |       ||     2
    Use: Potion            |       |       |     1 ||     1
 Armour: Animal skin       |    27 |       |       ||    27
         Ring mail         |    29 |    17 |       ||    46
         Plate armour      |       |    84 |    16 ||   100
         Skin              |       |       |    32 ||    32
  Dodge: Dodged            |    69 |    47 |     7 ||   123

Table legend: (Time is in decaauts)
 A = Elapsed time spent in this place.
 B = Non-inter-level travel time spent in this place.
 C = Inter-level travel time spent in this place.
 D = Time resting spent in this place.
 E = Time spent auto-exploring this place.
 F = Levels seen in this place.
 G = Mean time per level.
                   A        B        C        D        E       F      G
               +--------+--------+--------+--------+--------+-----+--------+
         Total |   3313 |   3067 |    246 |    281 |   1894 |   4 |  828.2 |
       Dungeon |   3313 |   3067 |    246 |    281 |   1894 |   4 |  828.2 |
               +--------+--------+--------+--------+--------+-----+--------+

Top non-repeatable levels by time:
     D:1: 1062 daAuts
     D:3: 957 daAuts
     D:2: 867 daAuts
     D:4: 425 daAuts
